CAL (WIN)
DAYTONA TORTUGAS @ ST. LUCIE METS
12/02/2049
 
TOP OF THE 1ST
Daytona Tortugas batting - Pitching for St. Lucie Mets : LHP Ronnie Stoll
Pitching: LHP Ronnie Stoll
Batting: RHB Toki Takeuchi 0-0: Ball
1-0: Fly out, F9 (Flyball, 9LSF, EV 95.6 MPH)
Batting: LHB Cesar Arteaga 0-0: Ball
1-0: Swinging Strike
1-1: Called Strike
1-2: Ball
2-2: Strikes out looking
Batting: RHB Andy Bachman 0-0: Foul Ball, location: 7LMF
0-1: Reached on error, E1 (Groundball, 13S, EV 75.6 MPH)
Batting: SHB Jaivata Mohanty 0-0: Called Strike
0-1: Foul Ball, location: 5SF
0-2: Strikes out swinging
Top of the 1st over - 0 runs, 0 hits, 1 error, 1 left on base; Daytona 0 - St. Lucie 0
BOTTOM OF THE 1ST
St. Lucie Mets batting - Pitching for Daytona Tortugas : LHP Josue Silva
Pitching: LHP Josue Silva
Batting: RHB Eric Zylstra 0-0: Swinging Strike
0-1: Called Strike
0-2: Ground out 6-3 (Groundball, 6, EV 81.3 MPH)
Batting: RHB Prabhukumar Santhanakrishnan 0-0: Ball
1-0: Ball
2-0: Called Strike
2-1: Ground out 6-3 (Groundball, 6, EV 81.9 MPH)
Batting: SHB Nick Daigle 0-0: Ball
1-0: Called Strike
1-1: Swinging Strike
1-2: Foul Ball, location: 2F
1-2: SOLO HOME RUN (Flyball, 89XD, EV 95.6 MPH), Distance : 390 ft
Batting: SHB Tyler Maddux 0-0: Foul Ball, location: 3FF
0-1: Ball
1-1: Ball
2-1: Swinging Strike
2-2: Foul Ball, location: 2F
2-2: Ball
3-2: Strikes out swinging
Bottom of the 1st over - 1 run, 1 hit, 0 errors, 0 left on base; Daytona 0 - St. Lucie 1
TOP OF THE 2ND
Daytona Tortugas batting - Pitching for St. Lucie Mets : LHP Ronnie Stoll
Batting: RHB Alex Villagomez 0-0: Ball
1-0: Foul Ball, location: 2F
1-1: Swinging Strike
1-2: Ground out U3 (Groundball, 3, EV 86.3 MPH)
Batting: RHB Chris Zamora 0-0: Ball
1-0: Foul Ball, location: 2F
1-1: Ball
2-1: Foul Ball, location: 2F
2-2: Foul Ball, location: 7LMF
2-2: Ball
3-2: Foul Ball, location: 5F
3-2: SINGLE (Line Drive, 6D, EV 94.4 MPH)
Batting: LHB Chris Redhead 0-0: Foul Ball, location: 2F
0-1: Ball
1-1: Ball
2-1: Ball
3-1: SINGLE (Groundball, 34S, EV 63.1 MPH) (infield hit)
Chris Zamora to second
Batting: LHB Phil Lerner 0-0: Foul Ball, location: 7LDF
0-1: Ball
1-1: Foul Ball, location: 25F
1-2: Ball
2-2: Ball
Wild Pitch!
Chris Zamora to third
Chris Redhead to second
3-2: Fly out, F5 (Popup, 25F, EV 81.9 MPH)
Batting: LHB Fernando Gomez 0-0: Called Strike
0-1: Ground out U3 (Groundball, 3S, EV 69.4 MPH)
Top of the 2nd over - 0 runs, 2 hits, 0 errors, 2 left on base; Daytona 0 - St. Lucie 1
BOTTOM OF THE 2ND
St. Lucie Mets batting - Pitching for Daytona Tortugas : LHP Josue Silva
Batting: RHB Craig Alvarado 0-0: Called Strike
0-1: Foul Ball, location: 3F
0-2: Reached via error on a dropped throw from 1B, E1 (Groundball, 34S, EV 94.4 MPH)
Batting: LHB Matt Baker 0-0: Ball
1-0: Ball
2-0: Foul Ball, location: 25F
2-1: Called Strike
2-2: Strikes out swinging
Batting: RHB Roberto Delgado 0-0: Ball
1-0: Ball
2-0: Foul Ball, location: 2F
2-1: Grounds into double play, 6-4-3 (Groundball, 6, EV 81.3 MPH)
Bottom of the 2nd over - 0 runs, 0 hits, 1 error, 0 left on base; Daytona 0 - St. Lucie 1
TOP OF THE 3RD
Daytona Tortugas batting - Pitching for St. Lucie Mets : LHP Ronnie Stoll
Batting: RHB Toki Takeuchi 0-0: Called Strike
0-1: Swinging Strike
0-2: Strikes out swinging
Batting: LHB Cesar Arteaga 0-0: Ball
1-0: SINGLE (Groundball, 4, EV 88.1 MPH)
Batting: RHB Andy Bachman 0-0: Ball
1-0: Called Strike
1-1: DOUBLE (Line Drive, 89D, EV 103.1 MPH)
Cesar Arteaga to third
Runner from 3rd tries for Home, SAFE, throw by RF to home
Batting: SHB Jaivata Mohanty 0-0: Called Strike
0-1: Ball
1-1: Ball
2-1: Ball
3-1: Base on Balls
Batting: RHB Alex Villagomez 0-0: Called Strike
0-1: Swinging Strike
0-2: Ball
Wild Pitch!
Andy Bachman to third
Jaivata Mohanty to second
1-2: Foul Ball, location: 2F
1-2: Ball
2-2: Ground out 5-3 (Groundball, 5S, EV 104.4 MPH)
Batting: RHB Chris Zamora 0-0: Called Strike
0-1: Ball
1-1: Ball
2-1: Fly out, F9 (Flyball, 89D, EV 93.1 MPH)
Top of the 3rd over - 1 run, 2 hits, 0 errors, 2 left on base; Daytona 1 - St. Lucie 1
BOTTOM OF THE 3RD
St. Lucie Mets batting - Pitching for Daytona Tortugas : LHP Josue Silva
Batting: LHB Randolph Brodbeck 0-0: Called Strike
0-1: Swinging Strike
0-2: Ball
1-2: SINGLE (Groundball, 6MD, EV 101.9 MPH)
Batting: RHB David Reyna 0-0: Ball
1-0: Called Strike
Randolph Brodbeck steals 2nd base (no throw)
1-1: Ball
2-1: Foul Ball, location: 25F
2-2: Ball
3-2: Foul Ball, location: 2F
3-2: Foul Ball, location: 25F
3-2: Fly out, F9 (Flyball, 9D, EV 100.0 MPH)
Runner from 2nd tags up, SAFE at 3rd, no throw by RF
Batting: RHB Eric Zylstra 0-0: Ball
1-0: Ball
2-0: Swinging Strike
2-1: Foul Ball, location: 9LDF
2-2: Fly out, F7 (Line Drive, 78D, EV 87.5 MPH)
Runner from 3rd tags up, SCORES, no throw by LF
Batting: RHB Prabhukumar Santhanakrishnan 0-0: Called Strike
0-1: Ball
1-1: Ball
2-1: Fly out, F8 (Flyball, 89D, EV 110.0 MPH)
Bottom of the 3rd over - 1 run, 1 hit, 0 errors, 0 left on base; Daytona 1 - St. Lucie 2
TOP OF THE 4TH
Daytona Tortugas batting - Pitching for St. Lucie Mets : LHP Ronnie Stoll
Batting: LHB Chris Redhead 0-0: Called Strike
0-1: Foul Ball, location: 2F
0-2: Ball
1-2: Ball
2-2: Foul Ball, location: 3F
2-2: Fly out, F8 (Flyball, 8RXD, EV 85.6 MPH)
Batting: LHB Phil Lerner 0-0: Called Strike
0-1: Foul Ball, location: 2F
0-2: Strikes out looking
Batting: LHB Fernando Gomez 0-0: Fly out, F4 (Line Drive, 4M, EV 66.9 MPH)
Top of the 4th over - 0 runs, 0 hits, 0 errors, 0 left on base; Daytona 1 - St. Lucie 2
BOTTOM OF THE 4TH
St. Lucie Mets batting - Pitching for Daytona Tortugas : LHP Josue Silva
Batting: SHB Nick Daigle 0-0: Ball
1-0: Swinging Strike
1-1: Ball
2-1: Foul Ball, location: 3FF
2-2: Strikes out looking
Batting: SHB Tyler Maddux 0-0: Ball
1-0: Swinging Strike
1-1: Called Strike
1-2: Ball
2-2: Ball
3-2: Fly out, F9 (Flyball, 9D, EV 105.6 MPH)
Batting: RHB Craig Alvarado 0-0: Called Strike
0-1: Swinging Strike
0-2: Ball
1-2: Ball
2-2: Ball
3-2: Foul Ball, location: 3F
3-2: Strikes out swinging
Bottom of the 4th over - 0 runs, 0 hits, 0 errors, 0 left on base; Daytona 1 - St. Lucie 2
TOP OF THE 5TH
Daytona Tortugas batting - Pitching for St. Lucie Mets : LHP Ronnie Stoll
Batting: RHB Toki Takeuchi 0-0: Called Strike
0-1: Called Strike
0-2: Foul Ball, location: 25FF
0-2: Strikes out swinging
Batting: LHB Cesar Arteaga 0-0: Called Strike
0-1: Foul Ball, location: 2F
0-2: Ground out 6-3 (Groundball, 6, EV 78.1 MPH)
Batting: RHB Andy Bachman 0-0: Ball
1-0: Swinging Strike
1-1: Ground out 6-3 (Groundball, 6M, EV 105.0 MPH)
Top of the 5th over - 0 runs, 0 hits, 0 errors, 0 left on base; Daytona 1 - St. Lucie 2
BOTTOM OF THE 5TH
St. Lucie Mets batting - Pitching for Daytona Tortugas : LHP Josue Silva
Batting: LHB Matt Baker 0-0: Called Strike
0-1: Foul Ball, location: 5DF
0-2: Strikes out looking
Batting: RHB Roberto Delgado 0-0: Ball
1-0: Ball
2-0: Called Strike
2-1: Foul Ball, location: 9LMF
2-2: Foul Ball, location: 9LMF
2-2: Ground out 6-3 (Groundball, P, EV 87.5 MPH)
Batting: LHB Randolph Brodbeck 0-0: Ball
1-0: Ground out 2-3 (Groundball, 2L, EV 68.8 MPH)
Bottom of the 5th over - 0 runs, 0 hits, 0 errors, 0 left on base; Daytona 1 - St. Lucie 2
TOP OF THE 6TH
Daytona Tortugas batting - Pitching for St. Lucie Mets : LHP Ronnie Stoll
Batting: SHB Jaivata Mohanty 0-0: Swinging Strike
0-1: Called Strike
0-2: Ball
1-2: Foul Ball, location: 3F
1-2: Foul Ball, location: 7LMF
1-2: Ball
2-2: Ball
3-2: Ground out 6-3 (Groundball, 6, EV 104.4 MPH)
Batting: RHB Alex Villagomez 0-0: Foul Ball, location: 2F
0-1: Ball
1-1: Ball
2-1: Ball
3-1: Called Strike
3-2: Base on Balls
Batting: RHB Chris Zamora 0-0: Ball
1-0: Foul Ball, location: 2F
1-1: Ball
2-1: Ball
3-1: Foul Ball, location: 2F
3-2: Fly out, F3 (Popup, 3SF, EV 83.8 MPH)
Batting: LHB Chris Redhead 0-0: Ball
1-0: Ball
2-0: Swinging Strike
2-1: Foul Ball, location: 7LSF
2-2: Strikes out swinging
Top of the 6th over - 0 runs, 0 hits, 0 errors, 1 left on base; Daytona 1 - St. Lucie 2
BOTTOM OF THE 6TH
St. Lucie Mets batting - Pitching for Daytona Tortugas : LHP Josue Silva
Batting: RHB David Reyna 0-0: Ball
1-0: Called Strike
1-1: Ball
2-1: Called Strike
2-2: Ball
3-2: Strikes out swinging, 2-3 out at first.
Pitching: LHP Brian Whittall
Batting: RHB Eric Zylstra 0-0: Fly out, F7 (Flyball, 78S, EV 83.1 MPH)
Batting: RHB Prabhukumar Santhanakrishnan 0-0: Ground out 4-3 (Groundball, 4, EV 104.4 MPH)
Bottom of the 6th over - 0 runs, 0 hits, 0 errors, 0 left on base; Daytona 1 - St. Lucie 2
TOP OF THE 7TH
Daytona Tortugas batting - Pitching for St. Lucie Mets : LHP Ronnie Stoll
Pitching: LHP Nestor Donato
Batting: LHB Phil Lerner 0-0: Ball
1-0: Called Strike
1-1: Swinging Strike
1-2: Ball
2-2: Foul Ball, location: 5SF
2-2: Ball
3-2: Reached on error, E4 (Groundball, 34, EV 105.6 MPH)
Batting: LHB Fernando Gomez 0-0: Ball
1-0: Called Strike
Phil Lerner steals 2nd base
1-1: Sac Bunt to 15S - play at first, batter OUT! 1-4
Phil Lerner to third
Batting: RHB Toki Takeuchi 0-0: Foul Ball, location: 2F
0-1: Ground out 6-3 (Groundball, 6, EV 101.3 MPH)
Pinch Hitting: RHB Alex Juarez 0-0: Called Strike
0-1: Foul Ball, location: 7LMF
0-2: Foul Ball, location: 2F
0-2: Strikes out swinging
Top of the 7th over - 0 runs, 0 hits, 1 error, 1 left on base; Daytona 1 - St. Lucie 2
BOTTOM OF THE 7TH
St. Lucie Mets batting - Pitching for Daytona Tortugas : LHP Brian Whittall
Now at 2B: Fernando Gomez
Now at SS: Alex Juarez
Batting: SHB Nick Daigle 0-0: Foul Ball, location: 2F
0-1: Swinging Strike
0-2: Strikes out swinging
Batting: SHB Tyler Maddux 0-0: Foul Ball, location: 2F
0-1: Ball
1-1: Ball
2-1: Called Strike
2-2: Foul Ball, location: 2F
2-2: Ground out 3-1 (Groundball, 34S, EV 83.1 MPH)
Batting: RHB Craig Alvarado 0-0: SINGLE (Groundball, 4MD, EV 107.5 MPH)
Batting: LHB Matt Baker 0-0: Called Strike
0-1: Ball
1-1: Ground out 4-3 (Groundball, 13, EV 86.3 MPH)
Bottom of the 7th over - 0 runs, 1 hit, 0 errors, 1 left on base; Daytona 1 - St. Lucie 2
TOP OF THE 8TH
Daytona Tortugas batting - Pitching for St. Lucie Mets : LHP Nestor Donato
Batting: RHB Andy Bachman 0-0: Ball
1-0: Swinging Strike
1-1: Called Strike
1-2: Foul Ball, location: 9LMF
1-2: Ball
2-2: Strikes out swinging
Batting: SHB Jaivata Mohanty 0-0: Foul Ball, location: 2F
0-1: Called Strike
0-2: Ball
1-2: Ball
2-2: Foul Ball, location: 2F
2-2: Ball
3-2: Foul Ball, location: 9LMF
3-2: Strikes out swinging
Batting: RHB Alex Villagomez 0-0: SINGLE (Groundball, 56S, EV 62.5 MPH) (infield hit)
Batting: RHB Chris Zamora 0-0: Ball
1-0: Called Strike
1-1: Swinging Strike
1-2: Ball
2-2: Strikes out looking
Top of the 8th over - 0 runs, 1 hit, 0 errors, 1 left on base; Daytona 1 - St. Lucie 2
BOTTOM OF THE 8TH
St. Lucie Mets batting - Pitching for Daytona Tortugas : LHP Brian Whittall
Batting: RHB Roberto Delgado 0-0: Ball
1-0: Foul Ball, location: 3F
1-1: Ball
2-1: Called Strike
2-2: Foul Ball, location: 2F
2-2: Ball
3-2: Foul Ball, location: 2LF
3-2: SINGLE (Line Drive, 56D, EV 105.0 MPH)
Batting: LHB Randolph Brodbeck 0-0: Bunt missed!
0-1: Sac Bunt to P - play at first, batter safe!
Roberto Delgado to second
Pitching: RHP Jeremy Whooley
Batting: RHB David Reyna 0-0: Ball
1-0: Called Strike
1-1: Called Strike
1-2: Foul Ball, location: 9LSF
1-2: Foul Ball, location: 7LSF
1-2: Ball
2-2: Foul Ball, location: 2F
2-2: Foul Ball, location: 2F
2-2: Ball
3-2: Base on Balls
Roberto Delgado to third
Randolph Brodbeck to second
Batting: RHB Eric Zylstra 0-0: Ball
1-0: Grounds into double play, 4-2-3 (Groundball, 4, EV 79.4 MPH)
Randolph Brodbeck to third
David Reyna to second
Batting: RHB Prabhukumar Santhanakrishnan 0-0: Called Strike
0-1: Called Strike
0-2: SINGLE (Groundball, 4MD, EV 100.0 MPH)
Randolph Brodbeck scores
David Reyna to third
Batting: SHB Nick Daigle 0-0: Ball
1-0: Ground out 6-3 (Groundball, 6S, EV 78.1 MPH)
Bottom of the 8th over - 1 run, 3 hits, 0 errors, 2 left on base; Daytona 1 - St. Lucie 3
TOP OF THE 9TH
Daytona Tortugas batting - Pitching for St. Lucie Mets : LHP Nestor Donato
Pitching: RHP Emanuel Anochondo
Now at 1B: Warren Carmichael
Now at 2B: Nick Daigle
Now in RF: Jake Geib
Batting: LHB Chris Redhead 0-0: Ground out 4-3 (Groundball, 4, EV 105.0 MPH)
Batting: LHB Phil Lerner 0-0: Called Strike
0-1: Ball
1-1: Ball
2-1: Ground out 2-3 (Groundball, 13S, EV 68.1 MPH)
Batting: LHB Fernando Gomez 0-0: Called Strike
0-1: Called Strike
0-2: Ball
1-2: Ball
2-2: Ball
3-2: Strikes out swinging
Top of the 9th over - 0 runs, 0 hits, 0 errors, 0 left on base; Daytona 1 - St. Lucie 3
Sunday, July 16th , 2023 - OOTP Baseball 24.6 Build 69